 Dungeon Crawl Stone Soup version 0.29.1-13-g9f3cf754e1 (webtiles) character file.

Game seed: 15254348432730397363

79 javelincjr the Magician (level 4, -1/31 HPs)
             Began as a Djinni Fire Elementalist on Jan 30, 2023.
             Was a Believer of Dithmenos.
             Shot with a sling bullet by a goblin (6 damage)
             ... led by Robin
             ... on level 3 of the Dungeon.
             The game lasted 00:06:17 (2586 turns).

javelincjr the Magician (Djinni Fire Elementalist)  Turns: 2586, Time: 00:06:17

Health: -1/31      AC:  2    Str:  9    XL:     4   Next: 64%
Gold:   143        EV: 12    Int: 16    God:    Dithmenos [**....] SH:  5 Dex: 14

rFire   + + +      SeeInvis .   e - +0 short sword (elec)
rCold   x . .      Faith    .   (no shield)
rNeg    . . .      Spirit   .   a - +0 robe
rPois   ∞          Reflect  +   (no helmet)
rElec   .          Harm     .   (no cloak)
rCorr   .          Rampage  .   (no gloves)
Will    .....                   (boots unavailable)
Stlth   ++........              l - amulet of reflection
HPRegen 0.10/turn               j - ring of protection from fire
MPRegen 0.00/turn               (no ring)

@: flying, wreathed by umbra
A: sickness immunity, fire resistance 2, cold vulnerability 1, float, innate
caster, HP casting, extra vitality 1
a: Renounce Religion, Shadow Step


You were on level 3 of the Dungeon.
You worshipped Dithmenos.
Dithmenos was pleased with you.
You visited 1 branch of the dungeon, and saw 3 of its levels.

You collected 143 gold pieces.

Inventory:

Hand Weapons
 e - a +0 short sword of electrocution (weapon)
Armour
 a - a +0 robe (worn)
Jewellery
 j - a ring of protection from fire (left hand)
 l - an amulet of reflection (around neck)
Wands
 p - a wand of paralysis (3)
Scrolls
 b - 3 scrolls of teleportation {unknown}
 c - 6 scrolls of identify {unknown}
 d - a scroll of summoning {unknown}
 f - a scroll of enchant weapon {unknown}
 h - a scroll of fear {unknown}
 k - 2 scrolls of enchant armour {unknown}
 q - a scroll of immolation {unknown}
Potions
 g - a potion of lignification {unknown}
 i - a potion of degeneration {unknown}
 m - a potion of curing {unknown}
 n - 2 potions of heal wounds {unknown}
 o - a potion of mutation {unknown}
 r - a potion of flight {unknown}


   Skills:
 + Level 0.1 Fighting
 + Level 1.2 Short Blades
 + Level 2.5 Dodging
 + Level 2.2 Stealth
 + Level 0.1 Shields
 + Level 3.2 Spellcasting


You couldn't memorise any spells.
You knew the following spells:

 Your Spells              Type           Power      Damage    Failure   Level
a - Foxfire               Conj/Fire      52%        2x1d6     4%          1
b - Scorch                Fire           26%        2d6       7%          2
c - Conjure Flame         Conj/Fire      13%        6-21      14%         3
d - Inner Flame           Hex/Fire       13%        N/A       14%         3
e - Flame Wave            Conj/Fire      13%        2d6       43%         4
f - Sting                 Tmut/Pois      52%        1d5       4%          1
Your spell library was empty.

Dungeon Overview and Level Annotations

Branches:
Dungeon (3/15)

Altars:
Dithmenos

Shops:
D:2 !

Annotations:
D:3 Robin


Innate Abilities, Weirdness & Mutations

You are immune to sickness and miasma.
You are immune to poison.
Your flesh is very heat resistant. (rF++)
You are vulnerable to cold. (rC-)
You float through the air rather than walking.
You learn spells naturally, not from books.
Your magical power is your life essence.
You have superior vitality. (+4 MHP)


Message History

Robin laughs in a distinctly smug fashion.
Robin throws the goblin at you!
The foxfire hits the goblin.
You kill the goblin!
Dithmenos accepts your kill.
A goblin comes into view. It is wielding a +0 club. x2
The goblin unwields a +0 sling.
The goblin wields a +0 dagger.
The goblin barely misses you. The jackal barely misses you.
You barely miss the jackal.
The jackal is almost dead.
The jackal barely misses you. The goblin hits you with a +0 dagger.
You hit the jackal.
You kill the jackal!
Dithmenos accepts your kill. The goblin completely misses you.
Robin throws the goblin at you!
You closely miss the goblin.
The goblin is severely wounded.
The goblin hits you with a +0 dagger.
Robin roars a battlecry!
The goblins go into a battle-frenzy!
The goblin barely misses you.
You are too injured to fight recklessly!
The goblin closely misses you.
A goblin comes into view. It is wielding a +0 dagger.
Your magical contamination has completely faded away.
The goblin attacks as you move away! The goblin completely misses you.
The goblin attacks as you move away! The goblin hits you with a +0 dagger.
* * * LOW HITPOINT WARNING * * *
The goblin attacks as you move away! The goblin closely misses you.
The goblin unwields a +0 dagger.
The goblin wields a +0 sling.
The goblin shoots a sling bullet.
The sling bullet hits you but does no damage.
The goblin unwields a +0 club.
The goblin wields a +0 sling.
The goblin shoots a sling bullet.
The sling bullet hits you.
* * * LOW HITPOINT WARNING * * *
Robin says, "Bow before me, strongest of all the hobgoblins!"
You hear an angry hiss.
The goblin shoots a sling bullet.
The sling bullet misses you.
There is a stone staircase leading down here.
The goblin shoots a sling bullet.
The sling bullet hits you.
You die...

#. #......####.#..#
# #..............#
#.........###..).#.
####.###..#)..g....
#. #....#....# #.
#..ggg..# #.
#...g#..#
#...#....#..#
#...@..# .#
#.........# .#
#.##S###### . # #.
.. #


You could see Robin, an adder and 4 goblins.

Vanquished Creatures
  An adder (D:2)
  8 dart slugs
  7 bats
  3 endoplasms
  2 giant cockroaches
  8 goblins
  4 hobgoblins
  A jackal (D:3)
  A quokka (D:1)
  3 ball pythons
  2 frilled lizards (D:1)
  3 kobolds
  10 rats
53 creatures vanquished.

Vanquished Creatures (others)
  66 foxfires
66 creatures vanquished.

Grand Total: 119 creatures vanquished

Notes
Turn   | Place    | Note
-------+----------+-------------------------------------------
     0 | D:1      | javelincjr the Djinni Fire Elementalist began the quest for
                  | the Orb.
     0 | D:1      | javelincjr set off with the following spells memorised:
                  | Foxfire, Scorch, Conjure Flame, Inner Flame, Flame Wave.
     0 | D:1      | Reached XP level 1. HP: 15/15 MP: 0/0
   529 | D:1      | Reached XP level 2. HP: 20/21 MP: 0/0
   669 | D:1      | Found a faded altar of an unknown god.
   692 | D:1      | Prayed at the altar of an unknown god.
   692 | D:1      | Became a worshipper of Dithmenos the Shadowed
   692 | D:1      | Reached * piety under Dithmenos
   866 | D:1      | Reached skill level 3 in Spellcasting
   866 | D:1      | Reached XP level 3. HP: 14/25 MP: 0/0
   866 | D:1      | Learned a level 1 spell: Sting
  1994 | D:2      | Reached XP level 4. HP: 28/31 MP: 0/0
  2118 | D:2      | Found Urafreqo's Distillery.
  2437 | D:3      | Reached ** piety under Dithmenos
  2456 | D:3      | Reached skill level 1 in Short Blades
  2568 | D:3      | Noticed Robin
  2586 | D:3      | Shot with a sling bullet by a goblin

Illustrated notes

Levels and vault maps discovered:
D:1:      dpeg_arrival_more_subterranean_lakeside_camping, layout_loops_ring,
          shapermc_ecumenical_altar_rom_forum, patterned_corridor
D:2:      layout_rooms, serial_shops, nicolae_shop_statue_plus,
          grunt_ministairs_1
D:3:      layout_basic, grunt_ministairs_9, uniq_robin

Skill      XL: |  1  2  3  4 |
---------------+-------------+-----
Spellcasting   | 3 |  3.2
Stealth        | 2 |  2.2
Short Blades   | 1 |  1.2
Fighting       | |  0.1
Dodging        | |  2.5
Shields        | |  0.1

Action                   |  1- 3 |  4- 6 || total
-------------------------+-------+-------++-------
Melee: Dagger            |    40 |       ||    40
       Punch             |     3 |       ||     3
       Short sword       |    25 |    37 ||    62
 Cast: Foxfire           |    27 |    17 ||    44
 Stab: Sleeping          |     4 |     2 ||     6
Armor: Robe              |     5 |     9 ||    14
Dodge: Dodged            |    34 |    24 ||    58
Block: Other             |       |    10 ||    10
       Reflection        |       |     1 ||     1
